 Dungeon Crawl Stone Soup version 0.29-a0-892-g2c4c91d9db (webtiles) character file.

Game seed: 17784111801258008858

11669 prdox the Covert (level 11, -5/54 HPs)
             Began as a Spriggan Enchanter on July 23, 2022.
             Was a High Priest of Dithmenos.
             Slain by a cyclops (20 damage)
             ... on level 10 of the Dungeon.
             The game lasted 00:27:22 (12333 turns).

prdox the Covert (Spriggan Enchanter)              Turns: 12333, Time: 00:27:23

Health: -5/54      AC:  7    Str:  8    XL:     11   Next: 52%
Magic:  25/27      EV: 23    Int: 23    God:    Dithmenos [*****.]
Gold:   964        SH:  0    Dex: 22    Spells: 22/33 levels left

rFire   . . .      SeeInvis +   a - +2 dagger (vorpal)
rCold   . . .      Faith    .   (no shield)
rNeg    . . .      Spirit   .   u - +2 robe {Will+}
rPois   .          Reflect  .   e - +2 hat
rElec   .          Harm     .   C - +0 cloak
rCorr   .          Rampage  .   (gloves unavailable)
Will    ++...                   (boots unavailable)
Stlth   ++++++++++              (no amulet)
HPRegen 0.18/turn               h - +6 ring of intelligence
MPRegen 0.20/turn               b - +6 ring of dexterity

@: wreathed by umbra, very quick
A: very small, no large weapons, unfitting armour, see invisible, speed 3
a: Renounce Religion, Shadow Step, Shadow Form


You were on level 10 of the Dungeon.
You worshipped Dithmenos.
Dithmenos was extremely pleased with you.
You visited 1 branch of the dungeon, and saw 10 of its levels.
You also visited: Sewer, Ossuary and Bailey.

You collected 964 gold pieces.

Inventory:

Hand Weapons
 a - a +2 vorpal dagger (weapon)
 D - a +2 dagger of speed
Missiles
 g - 56 poisoned darts (quivered)
 t - 9 throwing nets
 H - 3 datura-tipped darts
Armour
 e - a +2 hat (worn)
 u - a +2 robe of willpower (worn)
 C - a +0 cloak (worn)
 I - +0 steam dragon scales
Jewellery
 b - a +6 ring of dexterity (right hand)
 h - a +6 ring of intelligence (left hand)
 l - a ring of willpower
 E - a +6 ring of dexterity
Wands
 n - a wand of digging (5)
 y - a wand of flame (23)
 A - a wand of light (1)
 G - a wand of polymorph (5)
Scrolls
 o - 2 scrolls of fog
 p - a scroll of immolation
 q - 2 scrolls of vulnerability
 w - 3 scrolls of fear
 x - 2 scrolls of teleportation
 B - a scroll of poison
 F - a scroll of summoning
Potions
 c - 2 potions of invisibility
 d - 2 potions of might
 f - 3 potions of mutation
 i - a potion of degeneration {unknown}
 j - 2 potions of cancellation
 k - 3 potions of flight
 m - 4 potions of lignification
 r - a potion of haste {unknown}
 s - 2 potions of experience
 v - 4 potions of curing
 z - 2 potions of berserk rage


   Skills:
 + Level 4.4 Fighting
 + Level 6.2 Short Blades
 + Level 7.6 Dodging
 + Level 13.9 Stealth
 + Level 11.5 Spellcasting
 + Level 11.7 Hexes


You had 22 spell levels left.
You knew the following spells:

 Your Spells              Type           Power      Damage    Failure   Level
a - Ensorcelled Hibernat  Hex/Ice        80%        N/A       1%          2
b - Tukima's Dance        Hex            61%        N/A       1%          3
c - Dazzling Flash        Conj/Hex       80%        N/A       1%          3
d - Confusing Touch       Hex            61%        N/A       1%          3

Your spell library contained the following spells:

 Spells                   Type           Power      Damage    Failure   Level
 Slow                     Hex            100%       N/A       1%          1
 Portal Projectile        Hex/Tloc       80%        N/A       1%          3
 Sandblast                Erth           26%        2d8       4%          1
 Passwall                 Tmut/Erth      10%        N/A       8%          2
 Stone Arrow              Conj/Erth      26%        3d8       14%         3
 Vampiric Draining        Necr           13%        2d6       14%         3
 Blade Hands              Tmut           6%         N/A       80%         5


Dungeon Overview and Level Annotations

Branches:
Dungeon (10/15)            Temple (0/1) D:6            Lair (0/5) D:9
    Orc (0/2) D:9           Sewer (visited)         Ossuary (visited)
 Bailey (visited)

Altars:
Dithmenos
Elyvilon
Gozag
Trog
Wu Jian
Xom

Shops:
D:1 (   D:5 [   D:7 *


Innate Abilities, Weirdness & Mutations

You are very small and have problems with some larger weapons.
You are too small for most types of armour.
You have supernaturally acute eyesight. (SInv)
You cover ground extremely quickly. (Speed+++)


Message History

The ball of steam hits you!
Casting: Confusing Touch (safe; 1% risk of failure)
Confirm with . or Enter, or press ? or * to list all spells.
Aiming: Ensorcelled Hibernation (safe; 1% risk of failure)
Press: ? - help, Shift-Dir - straight line, f - steam dragon
Aim: a steam dragon (catching its breath, umbra, chance to affect: 66%)
The steam dragon resists with significant effort.
Your shadow mimicks your spell!
The steam dragon looks drowsy...
You are engulfed in a cloud of scalding steam.
You are engulfed in a cloud of scalding steam.
You are engulfed in a cloud of scalding steam.
The helpless steam dragon fails to defend itself.
You perforate the steam dragon like a sieve!!!!
You kill the steam dragon!
Dithmenos accepts your kill.
The steam dragon scales are intact enough to wear.
You are engulfed in a cloud of scalding steam.
Unknown command.
You start resting.
A cyclops comes into view.
You're standing in a cloud of steam!
You are engulfed in a cloud of scalding steam.
Things that are here:
+0 steam dragon scales; a steam dragon corpse I - +0 steam dragon scales The cyclops shouts!
You hit the cyclops.
The cyclops is lightly wounded.
Your shadow hits the cyclops but does no damage.
The cyclops hits you!
* * * LOW HITPOINT WARNING * * *
You emit a cloud of dark smoke.
Casting: Ensorcelled Hibernation (safe; 1% risk of failure)
Confirm with . or Enter, or press ? or * to list all spells.
Aiming: Ensorcelled Hibernation (safe; 1% risk of failure)
Press: ? - help, Shift-Dir - straight line, f - cyclops
Aim: a cyclops, quivering large rocks (black smoke, lightly wounded, umbra, chance to affect: 49%)
The cyclops resists with some effort.
The cyclops hits you!!
You die...

#.### #...# ###...####
#...#
#........####...#####
#..##..#............##.#
........................#
##......#.......†....####
#...##.#.##.#...#.###
#... #.#.##.#§§§#.# #...
....##.#§§@#.# ###
######.#§§C#.# #...§§..#
####.#### .. .#. .#. . ..


You could see a cyclops.

Vanquished Creatures
  2 two-headed ogres
  3 death yaks (D:9)
  Pikel (D:4)
  2 cyclopes
  3 kobold demonologists (D:10)
  Prince Ribbit (D:9)
  Grinder (D:6)
  3 shadows
  3 yaks (D:9)
  2 wraiths (D:10)
  A steam dragon (D:10)
  2 acid dragons (D:10)
  A water moccasin (D:8)
  A sky beast (D:8)
  Pargi (Sewer)
  An orc warrior (D:7)
  2 ogres
  4 wolves (Bailey)
  3 centaurs
  A lemure (D:3)
  A phantom (D:5)
  8 kobold brigands
  2 bullfrogs
  3 necrophages
  A scorpion (D:5)
  7 gnoll sergeants (Bailey)
  8 water moccasin zombies (Ossuary)
  6 killer bees (D:9)
  3 howler monkeys
  3 hounds
  3 jellies
  An orc priest (D:3)
  7 gnoll boudas
  2 iguanas
  2 orc wizards
  2 mummies (Ossuary)
  9 adders
  15 gnolls
  A river rat (D:6)
  A shadow imp (D:7)
  2 white imps
  An adder zombie (Ossuary)
  A worm (D:2)
  2 dart slugs (D:3)
  20 orcs
  16 ball pythons
  15 endoplasms
  12 giant cockroaches
  6 hobgoblins
  3 jackals (D:3)
  43 kobolds
  2 quokkas
  7 bats
  3 frilled lizards
  7 gnoll zombies (Ossuary)
  13 goblins
  5 hobgoblin zombies (Ossuary)
  6 kobold zombies (Ossuary)
  5 orc zombies (Ossuary)
  6 rats
298 creatures vanquished.

Vanquished Creatures (collateral kills)
  Sigmund (D:2)
  An ogre (D:7)
  2 gnoll sergeants (Bailey)
  2 gnoll boudas (Bailey)
  18 gnolls
  4 orcs
  A kobold (D:7)
29 creatures vanquished.

Vanquished Creatures (others)
  11 dancing weapons
  2 plants (D:3)
13 creatures vanquished.

Grand Total: 340 creatures vanquished

Notes
Turn   | Place    | Note
-------+----------+-------------------------------------------
     0 | D:1      | prdox the Spriggan Enchanter began the quest for the Orb.
     0 | D:1      | Reached XP level 1. HP: 9/9 MP: 5/5
   185 | D:1      | Found Mapequle's Weapon Shop.
   289 | D:1      | Reached XP level 2. HP: 3/13 MP: 7/7
   419 | D:1      | Learned a level 2 spell: Ensorcelled Hibernation
   849 | D:1      | Found a faded altar of an unknown god.
  1593 | D:2      | Reached XP level 3. HP: 1/16 MP: 9/9
  2015 | D:2      | Noticed Sigmund
  2021 | D:2      | Learned a level 3 spell: Tukima's Dance
  2025 | D:2      | Learned a level 3 spell: Confusing Touch
  2035 | D:2      | Killed Sigmund
  2036 | D:2      | Reached skill level 5 in Spellcasting
  2036 | D:2      | Reached skill level 5 in Hexes
  2036 | D:2      | Reached XP level 4. HP: 20/21 MP: 0/12
  2036 | D:2      | Reached XP level 5. HP: 23/24 MP: 0/13
  2149 | D:2      | Learned a level 3 spell: Dazzling Flash
  3122 | D:3      | Reached skill level 5 in Stealth
  3175 | D:3      | Reached XP level 6. HP: 28/28 MP: 15/15
  3738 | D:3      | Found a bloodstained altar of Trog.
  3742 | D:3      | Found a shadowy altar of Dithmenos.
  3742 | D:3      | Found an opulent altar of Gozag.
  3760 | D:3      | Became a worshipper of Dithmenos the Shadowed
  3817 | D:3      | Found an ornate altar of the Wu Jian Council.
  4297 | D:4      | Noticed Pikel
  4307 | D:4      | Found a sand-covered staircase.
  4317 | Ossuary  | Entered an ossuary
  4381 | Ossuary  | Reached * piety under Dithmenos
  4659 | Ossuary  | Reached skill level 6 in Stealth
  4741 | Ossuary  | Reached XP level 7. HP: 32/32 MP: 17/17
  4778 | Ossuary  | Reached skill level 7 in Stealth
  5167 | D:4      | Killed Pikel
  5168 | D:4      | Reached skill level 8 in Stealth
  5168 | D:4      | Reached XP level 8. HP: 29/36 MP: 14/21
  5310 | D:4      | Found a shimmering altar of Xom.
  5333 | D:4      | Reached ** piety under Dithmenos
  5364 | D:4      | Reached skill level 9 in Stealth
  5814 | D:5      | Entered Level 5 of the Dungeon
  6170 | D:5      | Reached skill level 10 in Stealth
  6199 | D:5      | Found Fetz's Armour Emporium.
  6644 | D:6      | Found a glowing drain.
  6656 | D:6      | Reached *** piety under Dithmenos
  6680 | Sewer    | Entered a sewer
  6783 | Sewer    | Noticed Pargi
  6785 | Sewer    | Killed Pargi
  6786 | Sewer    | Reached XP level 9. HP: 39/39 MP: 23/23
  7200 | D:6      | Found a staircase to the Ecumenical Temple.
  7226 | D:6      | Found a white marble altar of Elyvilon.
  7407 | D:6      | Noticed Grinder
  7410 | D:6      | Killed Grinder
  7528 | D:6      | Reached skill level 11 in Stealth
  7940 | D:7      | Found a flagged portal.
  7985 | Bailey   | Entered a bailey
  8003 | Bailey   | Reached skill level 10 in Hexes
  8033 | Bailey   | Reached **** piety under Dithmenos
  8051 | Bailey   | Reached skill level 1 in Fighting
  8677 | Bailey   | Reached skill level 10 in Spellcasting
  8929 | Bailey   | Reached XP level 10. HP: 42/46 MP: 22/25
  9385 | D:7      | Reached skill level 12 in Stealth
  9738 | D:7      | Found Etyi's Elemental Accessories.
  9844 | D:7      | Noticed a two-headed ogre
  9848 | D:7      | Killed a two-headed ogre
  9849 | D:7      | Reached skill level 5 in Dodging
 10045 | D:8      | Reached ***** piety under Dithmenos
 10157 | D:8      | Noticed a cyclops
 10165 | D:8      | Killed a cyclops
 11172 | D:9      | Found a staircase to the Orcish Mines.
 11344 | D:9      | Noticed a two-headed ogre
 11354 | D:9      | Killed a two-headed ogre
 11355 | D:9      | Reached skill level 5 in Short Blades
 11355 | D:9      | Reached skill level 13 in Stealth
 11490 | D:9      | Noticed a death yak
 11492 | D:9      | Noticed a death yak
 11493 | D:9      | Found a staircase to the Lair.
 11496 | D:9      | Noticed a death yak
 11500 | D:9      | Killed a death yak
 11500 | D:9      | Killed a death yak
 11501 | D:9      | Reached XP level 11. HP: 53/53 MP: 25/27
 11515 | D:9      | Killed a death yak
 11582 | D:9      | Noticed Prince Ribbit
 11595 | D:9      | Killed Prince Ribbit
 12087 | D:10     | Entered Level 10 of the Dungeon
 12095 | D:10     | Noticed a soul eater
 12333 | D:10     | Slain by a cyclops

Illustrated notes

Levels and vault maps discovered:
D:1:      co_arrival_random_square_maze, layout_loops_cross, serial_shops,
          nicolae_shop_crystal, basic_ecumenical_altar
D:2:      layout_basic, minmay_tromino_v2, uniq_sigmund
D:3:      minmay_angry_zag, layout_loops_cross, mainiacjoe_overflow_alcove_2,
          grunt_temple_overflow_open, minmay_shallow_snake_nest
D:4:      layout_cave_pools, general_overflow_altar,
          nicolae_ossuary_entry_monument, uniq_pikel
D:5:      layout_loops_cross, serial_shops, nicolae_shop_crystal
D:6:      layout_loops_corners, mainiacjoe_overflow_concentric_impassable,
          temple_pool_b, portal_sewer_entry_b, uniq_grinder
D:7:      layout_basic, enter_bailey_2, serial_park_tiny_pond,
          nicolae_elemental_shop
D:8:      layout_basic
D:9:      layout_loops_ring, dpeg_lair_monsters, david_orc_2, item_on_display_a,
          uniq_prince_ribbit1
D:10:     layout_loops_cross, grunt_ministairs_10

Skill      XL: |  1  2  3  4  5  6  7  8  9 10 11 |
---------------+----------------------------------+-----
Spellcasting   | 3 5 6 8 9 10 11 | 11.5
Hexes          | 4 5 6 8 9 10 11 | 11.7
Stealth        | 5 6 8 10 11 13 | 13.9
Dodging        | 4 6 7 |  7.6
Fighting       | 2 3 4 |  4.4
Short Blades   | 3 5 6 |  6.2

Action                   |  1- 3 |  4- 6 |  7- 9 | 10-12 || total
-------------------------+-------+-------+-------+-------++-------
Melee: Dagger            |    82 |   229 |   269 |   191 ||   771
       Punch             |       |     3 |     4 |     1 ||     8
 Cast: Ensorcelled Hiber |     7 |    14 |    31 |    35 ||    87
       Tukima's Dance    |     1 |       |    47 |    17 ||    65
       Confusing Touch   |       |     7 |     9 |     5 ||    21
       Dazzling Flash    |       |       |       |     3 ||     3
Evoke: Wand              |       |       |     5 |     4 ||     9
  Use: Scroll            |     2 |     4 |    11 |     6 ||    23
       Potion            |       |       |     3 |       ||     3
 Stab: Sleeping          |    13 |    35 |    50 |    40 ||   138
       Distracted        |       |     2 |     4 |       ||     6
       Confused          |       |     7 |     9 |     4 ||    20
       Invisible         |       |       |     3 |     2 ||     5
Armor: Robe              |     9 |    32 |    31 |    18 ||    90
Dodge: Dodged            |    57 |   156 |   253 |   152 ||   618

Table legend: (Time is in decaauts)
 A = Elapsed time spent in this place.
 B = Non-inter-level travel time spent in this place.
 C = Inter-level travel time spent in this place.
 D = Time resting spent in this place.
 E = Time spent auto-exploring this place.
 F = Levels seen in this place.
 G = Mean time per level.
                   A        B        C        D        E       F      G
               +--------+--------+--------+--------+--------+-----+--------+
         Total |   9547 |   9308 |    239 |   1482 |   5723 |  13 |  734.4 |
       Dungeon |   7792 |   7553 |    239 |    960 |   5026 |  10 |  779.2 |
         Sewer |    104 |    104 |      0 |      0 |     40 |   1 |  104.0 |
       Ossuary |    666 |    666 |      0 |    183 |    261 |   1 |  666.0 |
        Bailey |    983 |    983 |      0 |    339 |    394 |   1 |  983.0 |
               +--------+--------+--------+--------+--------+-----+--------+

Top non-repeatable levels by time:
     D:2: 1405 daAuts
     D:1: 1014 daAuts
  Bailey: 983 daAuts
     D:9: 956 daAuts
     D:3: 943 daAuts
     D:6: 797 daAuts
 Ossuary: 666 daAuts
     D:7: 651 daAuts
     D:4: 651 daAuts
     D:8: 602 daAuts
     D:5: 588 daAuts
    D:10: 182 daAuts
   Sewer: 104 daAuts
